PCL
CALGARY COWBOYS @ MEXICO CITY CERVECEROS
04/13/2028
 
TOP OF THE 1ST
Calgary Cowboys batting - Pitching for Mexico City Cerveceros : LHP Allen Purss
Pitching: LHP Allen Purss
Batting: RHB César Rodríguez 0-0: Called Strike
0-1: DOUBLE (Flyball, 78D)
Batting: LHB Del Kennedy 0-0: Swinging Strike
0-1: Swinging Strike
0-2: Ball
1-2: Foul Ball, location: 2F
1-2: Ball
2-2: Fly out, F5 (Line Drive, 56)
Batting: RHB Tom Rowe 0-0: Ball
1-0: Ball
2-0: Foul Ball, location: 2F
2-1: Foul Ball, location: 2F
2-2: Foul Ball, location: 2F
2-2: Foul Ball, location: 2F
2-2: Ball
3-2: Foul Ball, location: 2F
3-2: Base on Balls
Batting: LHB Miguel Pérez 0-0: Ball
1-0: Foul Ball, location: 2F
1-1: Called Strike
César Rodríguez is caught stealing 3rd base
Tom Rowe to second
1-2: Ball
2-2: Strikes out looking
Top of the 1st over - 0 run(s), 1 hit(s), 0 error(s), 1 left on base; Calgary 0 - Mexico City 0
BOTTOM OF THE 1ST
Mexico City Cerveceros batting - Pitching for Calgary Cowboys : RHP Brian Just
Pitching: RHP Brian Just
Batting: SHB George Adams 0-0: Ball
1-0: Ground out 4-3 (Groundball, 34)
Batting: RHB Lee Price 0-0: Ball
1-0: Called Strike
1-1: Called Strike
1-2: Ball
2-2: Foul Ball, location: 2F
2-2: Foul Ball, location: 2F
2-2: Strikes out looking
Batting: RHB Hamilton Holbrook 0-0: Ball
1-0: Foul Ball, location: 2F
1-1: Ball
2-1: Ground out 4-3 (Groundball, 4)
Bottom of the 1st over - 0 run(s), 0 hit(s), 0 error(s), 0 left on base; Calgary 0 - Mexico City 0
TOP OF THE 2ND
Calgary Cowboys batting - Pitching for Mexico City Cerveceros : LHP Allen Purss
Batting: RHB Jorge Balencia 0-0: Ball
1-0: SINGLE (Groundball, 34D)
Batting: LHB Freddy Herrera 0-0: Foul Ball, location: 2F
0-1: Called Strike
0-2: Strikes out looking
Batting: RHB Travis Colbert 0-0: Ball
1-0: Ball
2-0: SINGLE (Groundball, 23) (infield hit)
Jorge Balencia to second
Batting: RHB Shayne Burry 0-0: Called Strike
0-1: Swinging Strike
0-2: Ball
1-2: Ball
2-2: Strikes out swinging
Batting: RHB Mario Sánchez 0-0: Called Strike
0-1: Ball
1-1: Foul Ball, location: 2F
1-2: Foul Ball, location: 2F
1-2: Ball
2-2: Strikes out swinging
Top of the 2nd over - 0 run(s), 2 hit(s), 0 error(s), 2 left on base; Calgary 0 - Mexico City 0
BOTTOM OF THE 2ND
Mexico City Cerveceros batting - Pitching for Calgary Cowboys : RHP Brian Just
Batting: RHB Dennis Stephenson 0-0: Ball
1-0: Foul Ball, location: 2F
1-1: Foul Ball, location: 2F
1-2: Ball
2-2: Ball
3-2: Foul Ball, location: 2F
3-2: Base on Balls
Batting: LHB Gary Kern 0-0: Foul Ball, location: 2F
0-1: Foul Ball, location: 2F
0-2: Ball
1-2: SINGLE (Groundball, 34D)
Dennis Stephenson to second
Runner from 2nd tries for 3rd, SAFE, throw made to third
Batting: RHB Dave Morgan 0-0: Foul Ball, location: 2F
0-1: Ball
1-1: SINGLE (Flyball, 7LS)
Dennis Stephenson scores
Gary Kern to second
Batting: LHB Don Soper 0-0: Ball
1-0: Ground out 3-1 (Groundball, 34S)
Gary Kern to third
Dave Morgan to second
Batting: RHB Robinson Pacheco 0-0: Called Strike
0-1: Foul Ball, location: 2F
0-2: Strikes out swinging
Batting: RHB Orlando Núñes 0-0: Called Strike
0-1: Ball
1-1: SINGLE (Groundball, 6D)
Gary Kern scores
Dave Morgan to third
Runner from 3rd tries for Home, SAFE, no throw
Batting: SHB George Adams 0-0: Called Strike
0-1: Ball
1-1: Fielders Choice at 2nd, 4-6 (Groundball, 4)
Bottom of the 2nd over - 3 run(s), 3 hit(s), 0 error(s), 0 left on base; Calgary 0 - Mexico City 3
TOP OF THE 3RD
Calgary Cowboys batting - Pitching for Mexico City Cerveceros : LHP Allen Purss
Batting: RHB César Rodríguez 0-0: Called Strike
0-1: Swinging Strike
0-2: Foul Ball, location: 2F
0-2: Strikes out swinging
Batting: LHB Del Kennedy 0-0: DOUBLE (Line Drive, 9LS)
Batting: RHB Tom Rowe 0-0: Ball
1-0: SINGLE (Line Drive, 6D)
Del Kennedy to third
Runner from 3rd tries for Home, SAFE, no throw
Batting: LHB Miguel Pérez 0-0: Ball
Tom Rowe is caught stealing 2nd base
1-0: Ball
2-0: SINGLE (Line Drive, 3D)
Batting: RHB Jorge Balencia 0-0: Fielders Choice at 2nd, 6-4 (Groundball, 6)
Top of the 3rd over - 1 run(s), 3 hit(s), 0 error(s), 0 left on base; Calgary 1 - Mexico City 3
BOTTOM OF THE 3RD
Mexico City Cerveceros batting - Pitching for Calgary Cowboys : RHP Brian Just
Batting: RHB Lee Price 0-0: Foul Ball, location: 2F
0-1: Called Strike
0-2: SINGLE (Groundball, 56D)
Batting: RHB Hamilton Holbrook 0-0: Called Strike
0-1: Ball
1-1: Ball
2-1: SINGLE (Groundball, 6D)
Lee Price to second
Batting: RHB Dennis Stephenson 0-0: SINGLE (Line Drive, 78S)
Lee Price to third
Hamilton Holbrook to second
Runner from 3rd tries for Home, SAFE, throw made home
Batting: LHB Gary Kern 0-0: Ball
1-0: DOUBLE (Flyball, 7LM)
Hamilton Holbrook scores
Dennis Stephenson to third
Batting: RHB Dave Morgan 0-0: Foul Ball, location: 2F
0-1: Foul Ball, location: 2F
0-2: Ball
1-2: Strikes out swinging
Batting: LHB Don Soper 0-0: Ball
1-0: Called Strike
1-1: Called Strike
1-2: DOUBLE (Flyball, 8LD)
Dennis Stephenson scores
Gary Kern scores
Pitching: RHP Bert Killick
Batting: RHB Robinson Pacheco 0-0: Ball
1-0: Ball
2-0: Ball
3-0: Base on Balls
Batting: RHB Orlando Núñes 0-0: Ball
1-0: Fly out, F8 (Flyball, 8RM)
Batting: SHB George Adams 0-0: Called Strike
0-1: SINGLE (Groundball, 34D)
Don Soper to third
Robinson Pacheco to second
Runner from 3rd tries for Home, SAFE, no throw
Batting: RHB Lee Price 0-0: Foul Ball, location: 2F
0-1: Fielders Choice at 2nd, 5-4 (Groundball, 56)
Bottom of the 3rd over - 5 run(s), 6 hit(s), 0 error(s), 1 left on base; Calgary 1 - Mexico City 8
TOP OF THE 4TH
Calgary Cowboys batting - Pitching for Mexico City Cerveceros : LHP Allen Purss
Batting: LHB Freddy Herrera 0-0: Ball
1-0: Foul Ball, location: 2F
1-1: Ball
2-1: Fly out, F3 (Line Drive, 3)
Batting: RHB Travis Colbert 0-0: Ground out 4-3 (Groundball, 4MS)
Batting: RHB Shayne Burry 0-0: Ball
1-0: Ball
2-0: Called Strike
2-1: Swinging Strike
2-2: Foul Ball, location: 2F
2-2: Ball
3-2: DOUBLE (Line Drive, 8LXD)
Batting: RHB Mario Sánchez 0-0: Ground out 1-3 (Groundball, 15S)
Top of the 4th over - 0 run(s), 1 hit(s), 0 error(s), 1 left on base; Calgary 1 - Mexico City 8
BOTTOM OF THE 4TH
Mexico City Cerveceros batting - Pitching for Calgary Cowboys : RHP Bert Killick
Batting: RHB Hamilton Holbrook 0-0: Ball
1-0: Ball
2-0: Ball
3-0: Base on Balls
Batting: RHB Dennis Stephenson 0-0: Swinging Strike
0-1: Called Strike
0-2: Ball
1-2: Foul Ball, location: 2F
1-2: Foul Ball, location: 2F
1-2: Strikes out swinging
Batting: LHB Gary Kern 0-0: Hit by Pitch
Hamilton Holbrook to second
Batting: RHB Dave Morgan 0-0: Called Strike
0-1: Ball
1-1: SINGLE (Groundball, 56D)
Hamilton Holbrook to third
Gary Kern to second
Batting: LHB Don Soper 0-0: Ground out 6-3 (Groundball, 6S)
Hamilton Holbrook scores
Gary Kern to third
Dave Morgan to second
Batting: RHB Robinson Pacheco 0-0: Ball
1-0: Foul Ball, location: 2F
1-1: Ball
2-1: Foul Ball, location: 2F
2-2: Strikes out swinging
Bottom of the 4th over - 1 run(s), 1 hit(s), 0 error(s), 2 left on base; Calgary 1 - Mexico City 9
TOP OF THE 5TH
Calgary Cowboys batting - Pitching for Mexico City Cerveceros : LHP Allen Purss
Batting: RHB César Rodríguez 0-0: Ball
1-0: DOUBLE (Line Drive, 78XD)
Batting: LHB Del Kennedy 0-0: Ball
1-0: Called Strike
1-1: Fly out, F7 (Flyball, 7LMF)
Batting: RHB Tom Rowe 0-0: Foul Ball, location: 2F
0-1: Swinging Strike
0-2: Ground out 6-3 (Groundball, 6)
César Rodríguez to third
Batting: LHB Miguel Pérez 0-0: SINGLE (Groundball, 4D)
César Rodríguez scores
Batting: RHB Jorge Balencia 0-0: Fielders Choice at 2nd, 5-4 (Groundball, 56)
Top of the 5th over - 1 run(s), 2 hit(s), 0 error(s), 0 left on base; Calgary 2 - Mexico City 9
BOTTOM OF THE 5TH
Mexico City Cerveceros batting - Pitching for Calgary Cowboys : RHP Bert Killick
Batting: RHB Orlando Núñes 0-0: Ball
1-0: SINGLE (Line Drive, 34D)
Batting: SHB George Adams 0-0: Called Strike
0-1: Fly out, F5 (Line Drive, 56)
Batting: RHB Lee Price 0-0: SINGLE (Line Drive, 8RS)
Orlando Núñes to second
Batting: RHB Hamilton Holbrook 0-0: Foul Ball, location: 2F
0-1: Ball
1-1: Ball
2-1: Fly out, F9 (Flyball, 9D)
Runner from 2nd tags up, SAFE at 3rd, no throw
Batting: RHB Dennis Stephenson 0-0: Ball
1-0: Ball
2-0: Swinging Strike
2-1: Called Strike
2-2: Foul Ball, location: 2F
2-2: Foul Ball, location: 2F
2-2: Fielders Choice at 2nd, 5-4 (Groundball, 56)
Bottom of the 5th over - 0 run(s), 2 hit(s), 0 error(s), 1 left on base; Calgary 2 - Mexico City 9
TOP OF THE 6TH
Calgary Cowboys batting - Pitching for Mexico City Cerveceros : LHP Allen Purss
Batting: LHB Freddy Herrera 0-0: Swinging Strike
0-1: DOUBLE (Line Drive, 7LM)
Batting: RHB Travis Colbert 0-0: Called Strike
0-1: SINGLE (Line Drive, 4MD)
Freddy Herrera to third
Batting: RHB Shayne Burry 0-0: Ball
Travis Colbert steals 2nd base
1-0: Ball
2-0: Called Strike
2-1: DOUBLE (Line Drive, 78XD)
Freddy Herrera scores
Travis Colbert scores
Pitching: RHP Raúl Gómez
Batting: RHB Mario Sánchez 0-0: Ball
Passed Ball!
Shayne Burry to third
1-0: Ball
2-0: Called Strike
2-1: SINGLE (Flyball, 7S)
Shayne Burry scores
Batting: RHB César Rodríguez 0-0: Ball
1-0: Ball
2-0: Foul Ball, location: 2F
2-1: Ball
3-1: Swinging Strike
3-2: Base on Balls
Mario Sánchez to second
Batting: LHB Del Kennedy 0-0: Ball
1-0: Called Strike
1-1: SINGLE (Groundball, 4D)
Mario Sánchez to third
César Rodríguez to second
Batting: RHB Tom Rowe 0-0: Ball
1-0: Ball
2-0: Called Strike
2-1: Ball
3-1: Fly out, F7 (Flyball, 7D)
Runner from 3rd tags up, SCORES, no throw
Batting: LHB Miguel Pérez 0-0: Ball
1-0: Called Strike
1-1: Ball
2-1: Swinging Strike
2-2: Ball
3-2: Foul Ball, location: 2F
3-2: SINGLE (Line Drive, 89S)
César Rodríguez to third
Del Kennedy to second
Batting: RHB Jorge Balencia 0-0: Ground out 5-3 (Groundball, 5S)
César Rodríguez scores
Del Kennedy to third
Miguel Pérez to second
Pitching: LHP Daniel Draper
Batting: LHB Freddy Herrera 0-0: Ball
1-0: Ball
2-0: Fly out, F8 (Line Drive, 8RM)
Top of the 6th over - 5 run(s), 6 hit(s), 0 error(s), 2 left on base; Calgary 7 - Mexico City 9
BOTTOM OF THE 6TH
Mexico City Cerveceros batting - Pitching for Calgary Cowboys : RHP Bert Killick
Batting: LHB Gary Kern 0-0: Ground out 6-3 (Groundball, 6)
Batting: RHB Dave Morgan 0-0: Ball
1-0: SINGLE (Line Drive, 8LS)
Batting: LHB Don Soper 0-0: Ball
1-0: Foul Ball, location: 2F
1-1: 2-RUN HOME RUN (Flyball, 9D), Distance : 348 ft
Pitching: RHP Pedro Leal
Batting: RHB Robinson Pacheco 0-0: Ball
1-0: Called Strike
1-1: Ball
2-1: Ball
3-1: Foul Ball, location: 2F
3-2: Foul Ball, location: 2F
3-2: Foul Ball, location: 2F
3-2: Base on Balls
Batting: RHB Orlando Núñes 0-0: Ball
1-0: Called Strike
1-1: Swinging Strike
1-2: Foul Ball, location: 2F
1-2: Ball
2-2: Ball
3-2: Strikes out swinging
Batting: SHB George Adams 0-0: Foul Ball, location: 2F
0-1: Ball
1-1: Foul Ball, location: 2F
1-2: Ball
2-2: Ball
3-2: Strikes out swinging
Bottom of the 6th over - 2 run(s), 2 hit(s), 0 error(s), 1 left on base; Calgary 7 - Mexico City 11
TOP OF THE 7TH
Calgary Cowboys batting - Pitching for Mexico City Cerveceros : LHP Daniel Draper
Batting: RHB Travis Colbert 0-0: Foul Ball, location: 2F
0-1: Foul Ball, location: 2F
0-2: Single, Error in OF, E8, batter to second base
Batting: RHB Shayne Burry 0-0: Ball
1-0: Ball
2-0: DOUBLE (Line Drive, 9LM)
Travis Colbert scores
Batting: RHB Mario Sánchez 0-0: Called Strike
0-1: Fly out, F8 (Flyball, 8LD)
Runner from 2nd tags up, SAFE at 3rd, no throw
Batting: RHB César Rodríguez 0-0: Fly out, F7 (Flyball, 78S)
Batting: LHB Del Kennedy 0-0: Called Strike
0-1: SINGLE (Groundball, 56D)
Shayne Burry scores
Pitching: RHP Tex Perkins
Batting: RHB Tom Rowe 0-0: Called Strike
0-1: Foul Ball, location: 2F
0-2: Ball
1-2: Foul Ball, location: 2F
1-2: 2-RUN HOME RUN (Flyball, 9LD), Distance : 337 ft
Batting: LHB Miguel Pérez 0-0: Swinging Strike
0-1: Ball
1-1: Swinging Strike
1-2: Foul Ball, location: 2F
1-2: Strikes out swinging
Top of the 7th over - 4 run(s), 4 hit(s), 1 error(s), 0 left on base; Calgary 11 - Mexico City 11
BOTTOM OF THE 7TH
Mexico City Cerveceros batting - Pitching for Calgary Cowboys : RHP Pedro Leal
Batting: RHB Lee Price 0-0: Called Strike
0-1: DOUBLE (Line Drive, 7LD)
Pinch Hitting: LHB John Nicholson 0-0: Called Strike
0-1: Ball
1-1: Fly out, F9 (Flyball, 89S)
Batting: RHB Dennis Stephenson 0-0: Ball
1-0: 2-RUN HOME RUN (Flyball, 78XD), Distance : 392 ft
Pitching: LHP Takayuki Ine
Batting: LHB Gary Kern 0-0: Called Strike
0-1: Ball
1-1: Ground out 6-3 (Groundball, 6)
Batting: RHB Dave Morgan 0-0: Foul Ball, location: 2F
0-1: Swinging Strike
0-2: Ball
1-2: Ball
2-2: Strikes out swinging
Bottom of the 7th over - 2 run(s), 2 hit(s), 0 error(s), 0 left on base; Calgary 11 - Mexico City 13
TOP OF THE 8TH
Calgary Cowboys batting - Pitching for Mexico City Cerveceros : RHP Tex Perkins
Now at C: Fernando Garza
Now in LF: Collin Smith
Batting: RHB Jorge Balencia 0-0: Foul Ball, location: 2F
0-1: Foul Ball, location: 2F
0-2: Strikes out swinging
Batting: LHB Freddy Herrera 0-0: Ball
1-0: Foul Ball, location: 2F
1-1: Ball
2-1: Called Strike
2-2: Strikes out swinging
Batting: RHB Travis Colbert 0-0: Ball
1-0: Foul Ball, location: 2F
1-1: Ground out 5-3 (Groundball, 5S)
Top of the 8th over - 0 run(s), 0 hit(s), 0 error(s), 0 left on base; Calgary 11 - Mexico City 13
BOTTOM OF THE 8TH
Mexico City Cerveceros batting - Pitching for Calgary Cowboys : LHP Takayuki Ine
Batting: LHB Don Soper 0-0: Ball
1-0: Called Strike
1-1: Swinging Strike
1-2: Foul Ball, location: 2F
1-2: Ball
2-2: Ball
3-2: Ground out 4-3 (Groundball, 4)
Batting: RHB Robinson Pacheco 0-0: Ball
1-0: Ball
2-0: Foul Ball, location: 2F
2-1: Ball
3-1: Base on Balls
Batting: RHB Orlando Núñes 0-0: Swinging Strike
0-1: Foul Ball, location: 2F
0-2: Ball
1-2: 2-RUN HOME RUN (Line Drive, 7D), Distance : 370 ft
Pitching: RHP Lorenzo Montáñez
Batting: SHB George Adams 0-0: Ball
1-0: Ball
2-0: Ball
3-0: Called Strike
3-1: SINGLE (Groundball, 3D)
Batting: RHB Lee Price 0-0: Ball
1-0: Ball
2-0: SINGLE (Groundball, 5S) (infield hit)
George Adams to second
Batting: RHB Collin Smith 0-0: DOUBLE (Line Drive, 89XD)
George Adams scores
Lee Price to third
Runner from 3rd tries for Home, SAFE, no throw
Batting: RHB Fernando Garza 0-0: Ball
1-0: Ball
2-0: Ball
3-0: Called Strike
3-1: Base on Balls
Batting: LHB Gary Kern 0-0: Ball
1-0: Foul Ball, location: 2F
1-1: Fly out, F7 (Line Drive, 7)
Batting: RHB Dave Morgan 0-0: Ball
1-0: Ball
2-0: Called Strike
2-1: Ball
3-1: Called Strike
3-2: Ground out 4-3 (Groundball, 6MS)
Bottom of the 8th over - 4 run(s), 4 hit(s), 0 error(s), 2 left on base; Calgary 11 - Mexico City 17
TOP OF THE 9TH
Calgary Cowboys batting - Pitching for Mexico City Cerveceros : RHP Tex Perkins
Batting: RHB Shayne Burry 0-0: Ball
1-0: Ball
2-0: Called Strike
2-1: Foul Ball, location: 2F
2-2: Ball
3-2: Foul Ball, location: 2F
3-2: Foul Ball, location: 2F
3-2: Strikes out swinging
Batting: RHB Mario Sánchez 0-0: Called Strike
0-1: Swinging Strike
0-2: Foul Ball, location: 2F
0-2: Ball
1-2: Strikes out swinging
Batting: RHB César Rodríguez 0-0: Ball
1-0: Ground out 5-3 (Groundball, 56)
Top of the 9th over - 0 run(s), 0 hit(s), 0 error(s), 0 left on base; Calgary 11 - Mexico City 17
Tuesday, August 8th, 2017 - OOTP Baseball 17.12 Build 75